 Dungeon Crawl Stone Soup version 0.28-a0-1389-gc726bef33b (webtiles) character file.

Game seed: 7278992026165445733

119 Deminshera the Sneak (level 4, -4/24 HPs)
             Began as a Vampire Enchanter on Jan 3, 2022.
             Killed by divine providence
             ... invoked by an orc priest
              (7 damage)
             ... on level 4 of the Dungeon.
             The game lasted 00:04:52 (3901 turns).

Deminshera the Sneak (Vampire Enchanter)            Turns: 3901, Time: 00:04:53

Health: -4/24      AC:  7    Str:  7    XL:     4   Next: 74%
Magic:  1/8        EV: 11    Int: 19    God:
Gold:   107        SH:  0    Dex: 10    Spells: 6/8 levels left

rFire   . . .      SeeInvis +   l - +1 dagger (flame)
rCold   + + .      Faith    .   (no shield)
rNeg    + + +      Spirit   .   t - +3 leather armour of Jasat {Rampage rElec rCorr Dex-4}
rPois   ∞          Reflect  .   h - +0 helmet
rElec   +          Harm     .   (no cloak)
rCorr   +          Rampage  +   (no gloves)
Will    .....                   (no boots)
Stlth   +++++.....              (no amulet)
HPRegen 0.00/turn               (no ring)
MPRegen 0.11/turn               (no ring)

@: bloodless, inhibited regen
A: bloodless, fangs 3, see invisible, vampiric 2
a: Bat Form, Revivify


You were on level 4 of the Dungeon.
You visited 1 branch of the dungeon, and saw 4 of its levels.

You collected 107 gold pieces.

Inventory:

Hand Weapons
 a - a +1 dagger
 l - a +1 dagger of flaming (weapon)
Missiles
 s - 6 atropa-tipped darts
Armour
 b - a +0 robe
 h - a +0 helmet (worn)
 t - the +3 leather armour of Jasat (worn) {Rampage rElec rCorr Dex-4}
   (You found it on level 4 of the Dungeon)

   Dex:       It affects your dexterity (-4).
   rElec:     It insulates you from electricity.
   rCorr:     It protects you from acid and corrosion.
   Rampage:   It bestows one free step when moving towards enemies.
Jewellery
 j - an amulet of faith
Wands
 r - a wand of charming (7)
Scrolls
 d - a scroll of teleportation {unknown}
 f - a scroll of identify {unknown}
 g - a scroll of immolation {unknown}
 k - a scroll of noise {unknown}
 m - a scroll of vulnerability {unknown}
 n - a scroll of magic mapping {unknown}
 p - a scroll of enchant armour {unknown}
 v - a scroll of amnesia {unknown}
 w - a scroll of fog {unknown}
Potions
 c - 2 potions of invisibility
 e - 2 potions of heal wounds
 i - 3 potions of attraction {unknown}
 o - a potion of flight {unknown}
 q - a potion of lignification {unknown}
 u - a potion of ambrosia {unknown}


   Skills:
 + Level 2.5 Short Blades
 - Level 2.1 Dodging
 + Level 5.5 Stealth
 + Level 2.8 Spellcasting
 + Level 5.4 Hexes
 + Level 0.7 Ice Magic


You had 6 spell levels left.
You knew the following spells:

 Your Spells              Type           Power      Damage    Failure   Level
a - Ensorcelled Hibernat  Hex/Ice        28%        N/A       10%         2

Your spell library contained the following spells:

 Spells                   Type           Power      Damage    Failure   Level
 Confusing Touch          Hex            23%        N/A       8%          3
 Tukima's Dance           Hex            23%        N/A       8%          3
 Dazzling Flash           Conj/Hex       26%        N/A       22%         3
 Ozocubu's Armour         Ice            5%         N/A       45%         3
 Ozocubu's Refrigeration  Ice            2%         4d5       100%        7


Dungeon Overview and Level Annotations

Branches:
Dungeon (4/15)
 Temple: D:4-7

Altars:

Shops:
D:4 =


Innate Abilities, Weirdness & Mutations

You do not regenerate when monsters are visible.
You are frail without blood (-20% HP).
You can heal yourself when you bite living creatures.
You are immune to poison.
You have razor-sharp teeth.
You have supernaturally acute eyesight. (SInv)
You are afflicted with vampirism and can become a bat while bloodless.


Message History

You kill the orc!
The orc barely misses you.
The orc priest mumbles some strange prayers to Beogh against you.
Beogh smites you!
Ouch! That really hurt!
You are too injured to fight recklessly!
Casting: Ensorcelled Hibernation (safe; 10% risk of failure)
Confirm with . or Enter, or press ? or * to list all spells.
Aiming: Ensorcelled Hibernation (safe; 10% risk of failure)
Press: ? - help, Shift-Dir - straight line, f - orc
Aim: an orc, wielding a +0 mace and wearing a +0 leather armour (chance to affect: 65%)
The orc looks drowsy...
The helpless orc fails to defend itself.
You bite the orc, and draw its blood!
You feel better.
You impale the orc!! You burn the orc.
You kill the orc!
Casting: Ensorcelled Hibernation (safe; 10% risk of failure)
Confirm with . or Enter, or press ? or * to list all spells.
Aiming: Ensorcelled Hibernation (safe; 10% risk of failure)
Press: ? - help, Shift-Dir - straight line, f - orc wizard
Aim: an orc wizard, wielding a +0 dagger and wearing a +0 robe (slightly transparent, chance to affect: 48%)
The orc wizard resists with some effort.
The orc wizard barely misses you.
Casting: Ensorcelled Hibernation (safe; 10% risk of failure)
Confirm with . or Enter, or press ? or * to list all spells.
Aiming: Ensorcelled Hibernation (safe; 10% risk of failure)
Press: ? - help, Shift-Dir - straight line, f/p - orc wizard
Aim: an orc wizard, wielding a +0 dagger and wearing a +0 robe (slightly transparent, chance to affect: 48%)
The orc wizard resists with some effort.
The orc wizard barely misses you.
The orc priest looks encouraged for a moment.
The orc priest begins to cast a cantrip, but forgets the words!
The orc wizard points at you and mumbles some strange words.
The magic dart hits you!
* * * LOW HITPOINT WARNING * * *
The orc wizard casts a spell.
The orc wizard flickers and vanishes for a moment.
The orc priest invokes the aid of Beogh against you.
Beogh smites you!
You die...

############ ##
.)...o.....# ..
##########o#######.#####
.......(.o...@.......
#######.#######.#####
#)..........# #.#
#..###.####.###.#######
....................#####
..................>.....#
...#...###..#.#..####.###.#
.. #.#. #..#.#..# #.# #.# .
#.#.###).#.#..####.# #.#


You could see an orc priest and an orc wizard (invisible).

Vanquished Creatures
  4 adders
  An ufetubus (D:2)
  5 worms
  4 dart slugs
  7 orcs
  A ball python (D:3)
  A bat (D:3)
  2 endoplasms
  5 giant cockroaches
  6 goblins
  2 hobgoblins
  3 jackals
  3 frilled lizards
  2 kobolds
  4 rats (D:3)
50 creatures vanquished.

Notes
Turn   | Place    | Note
-------+----------+-------------------------------------------
     0 | D:1      | Deminshera the Vampire Enchanter began the quest for the
                  | Orb.
     0 | D:1      | Reached XP level 1. HP: 13/13 MP: 3/3
    27 | D:1      | Found a faded altar of an unknown god.
   711 | D:2      | Reached XP level 2. HP: 15/19 MP: 5/5
  1430 | D:2      | Reached skill level 5 in Stealth
  1430 | D:2      | Gained mutation: You are afflicted with vampirism and can
                  | become a bat while bloodless. [Vampire growth]
  1430 | D:2      | Reached XP level 3. HP: 14/24 MP: 6/6
  1433 | D:2      | Learned a level 2 spell: Ensorcelled Hibernation
  1477 | D:2      | Reached skill level 5 in Hexes
  2723 | D:3      | Reached XP level 4. HP: 28/30 MP: 2/7
  3475 | D:4      | Identified the +3 leather armour of Jasat {Rampage rElec
                  | rCorr Dex-4}
  3565 | D:4      | Found Vuttaw's Jewellery Shop.
  3901 | D:4      | Killed from afar by an orc priest

Illustrated notes

Levels and vault maps discovered:
D:1:      dpeg_arrival_arbitrary_b, layout_loops_ring,
          dreamdust_ecumenical_altar_grove
D:2:      layout_loops_corners, serial_co_window_serial, co_window_paths_b,
          co_window_corner_a, co_window_cross_1, co_window_paths_a,
          co_window_corner_a, co_window_2corner, co_window_corner_b,
          co_window_cross_2, co_window_corner_b, co_window_cross_2,
          co_window_2corner, co_window_2corner, co_window_4corner_b,
          co_window_paths_d, glass_columns_a, glass_columns_b, glass_columns_a,
          glass_columns_b
D:3:      layout_rooms
D:4:      layout_basic, minmay_temple_entry_glassed_door, serial_shops,
          nicolae_shop_behind_doors, pf_guarded_unrand_meek

Skill      XL: |  1  2  3 |
---------------+----------+-----
Stealth        | 5 |  5.5
Short Blades   | 2 |  2.5
Hexes          | 5 |  5.4
Dodging        | |  2.1
Spellcasting   | |  2.8
Ice Magic      | |  0.7

Action                   |  1- 3 |  4- 6 || total
-------------------------+-------+-------++-------
Melee: Dagger            |   108 |    56 ||   164
       Bite              |     7 |     4 ||    11
 Cast: Ensorcelled Hiber |    11 |    22 ||    33
 Abil: Exsanguinate      |       |     1 ||     1
  Use: Potion            |     3 |       ||     3
 Stab: Sleeping          |    12 |    17 ||    29
Armor: Robe              |    26 |     7 ||    33
       Leather armour    |       |     1 ||     1
Dodge: Dodged            |   106 |    37 ||   143

Table legend: (Time is in decaauts)
 A = Elapsed time spent in this place.
 B = Non-inter-level travel time spent in this place.
 C = Inter-level travel time spent in this place.
 D = Time resting spent in this place.
 E = Time spent auto-exploring this place.
 F = Levels seen in this place.
 G = Mean time per level.
                   A        B        C        D        E       F      G
               +--------+--------+--------+--------+--------+-----+--------+
         Total |   3886 |   3798 |     88 |    841 |   2379 |   4 |  971.5 |
       Dungeon |   3886 |   3798 |     88 |    841 |   2379 |   4 |  971.5 |
               +--------+--------+--------+--------+--------+-----+--------+

Top non-repeatable levels by time:
     D:2: 1976 daAuts
     D:3: 769 daAuts
     D:1: 635 daAuts
     D:4: 505 daAuts
